[Event "IX Iberoamericano Championship 2023"]
[Site "Panama City"]
[Date "2023.11.28"]
[Round "4.17"]
[White "Gonzalez Ochoa, Yoana"]
[Black "Martins, Bruno Andre Leite"]
[Result "0-1"]
[ECO "B90"]
[WhiteElo "2085"]
[BlackElo "2323"]
[Annotator "RC"]
[PlyCount "140"]
[EventDate "2023.11.27"]
[EventType "swiss"]
[EventCountry "PAN"]
[SourceTitle "playchess.com"]
[Source "ChessBase"]
[SourceQuality "1"]
[TimeControl "5400+30"]

1. e4 c5 2. Nf3 d6 3. d4 cxd4 4. Nxd4 Nf6 5. Nc3 a6 6. h3 e5 7. Nde2 h5 8. Bg5 Be6 9. Bxf6 Qxf6 10. Nd5 Qd8 11. Qd3 g6 12. O-O-O Nd7 13. Nec3 b5 14. Kb1 Nc5 15. Qe2 Bg7 16. g3 Rb8 17. a3 O-O 18. h4 Bd7 19. Bh3 Ne6 20. f3 a5 21. b4 axb4 22. axb4 Rc8 23. Qd3 Rc4 24. Ne2 Qa8 25. Qb3 Qa7 26. Ne3 Ra8 27. Kb2 Nd4 28. Ra1 Nxb3 29. Rxa7 Rxa7 30. Nxc4 Bxh3 31. Rxh3 Nd4 32. Nxd4 exd4 33. Nd2 Ra4 34. Rh1 Rxb4+ 35. Ka3 Ra4+ 36. Kb3 Kf8 37. Rd1 Ke7 38. Nb1 Kd7 39. Rd3 Kc6 40. f4 Kc5 41. Nd2 f5 42. exf5 gxf5 43. Nf3 Rb4+ 44. Ka3 Rc4 45. Kb3 Kd5 46. Ng5 Bf6 47. Nf3 Bd8 48. Kb2 Ba5 49. Kc1 Bc3 50. Nd2 Bxd2+ 51. Kxd2 b4 52. Rb3 Kc5 53. Rb1 Rc3 54. Ra1 Kd5 55. Ra8 Rxg3 56. Rh8 Ke4 57. Rxh5 b3 58. cxb3 Rxb3 59. Rh6 Rb2+ 60. Ke1 d5 61. h5 Rh2 62. Re6+ Kxf4 63. h6 d3 64. Kd1 d4 65. Ke1 Kf3 66. Rd6 d2+ 67. Kd1 f4 68. Rxd4 Ke3 69. Rd6 Rh1+ 70. Kc2 Rc1+ 0-1

[Event "IX Iberoamericano Championship 2023"]
[Site "Panama City"]
[Date "2023.11.28"]
[Round "4.18"]
[White "Noboa Silva, Kevin"]
[Black "Portal Ramos, Cristhian"]
[Result "1/2-1/2"]
[ECO "D10"]
[WhiteElo "2318"]
[BlackElo "2085"]
[Annotator "RC"]
[PlyCount "88"]
[EventDate "2023.11.27"]
[EventType "swiss"]
[EventCountry "PAN"]
[SourceTitle "playchess.com"]
[Source "ChessBase"]
[SourceQuality "1"]
[TimeControl "5400+30"]

1. d4 d5 2. c4 c6 3. Bf4 e6 4. cxd5 exd5 5. e3 Nf6 6. Bd3 Qb6 7. Qc2 Na6 8. a3 Qa5+ 9. Nc3 Nb4 10. Qd1 Nxd3+ 11. Qxd3 Ne4 12. Nge2 Bf5 13. O-O Be7 14. f3 Nxc3 15. Qxc3 Qxc3 16. Nxc3 O-O 17. e4 dxe4 18. fxe4 Bg6 19. Rad1 Rad8 20. d5 Bc5+ 21. Kh1 Rfe8 22. d6 Rd7 23. b4 Bb6 24. e5 f6 25. exf6 gxf6 26. h3 Be3 27. Bh2 Re6 28. Ne2 Kf7 29. Nf4 Bxf4 30. Bxf4 Re2 31. Rfe1 Rxe1+ 32. Rxe1 Bd3 33. Kh2 f5 34. g4 Be4 35. gxf5 Bxf5 36. Kg3 Be6 37. h4 Rd8 38. Rf1 Rg8+ 39. Kf2 Ke8 40. Ke3 Kd7 41. Be5 b6 42. Rf6 Rg6 43. Rxg6 hxg6 44. Kf4 Bb3 1/2-1/2

[Event "IX Iberoamericano Championship 2023"]
[Site "Panama City"]
[Date "2023.11.29"]
[Round "5.1"]
[White "Henriquez Villagra, Cristobal"]
[Black "Mareco, Sandro"]
[Result "1/2-1/2"]
[ECO "C09"]
[WhiteElo "2630"]
[BlackElo "2606"]
[Annotator "TA"]
[PlyCount "41"]
[EventDate "2023.11.27"]
[EventType "swiss"]
[EventCountry "PAN"]
[SourceTitle "playchess.com"]
[Source "ChessBase"]
[SourceQuality "1"]
[TimeControl "5400+30"]

1. e4 e6 2. d4 d5 3. Nd2 c5 4. Ngf3 Nc6 5. exd5 exd5 6. Bb5 Qe7+ 7. Be2 Qc7 {[%emt 0:00:06] C09: French Tarrasch: 3...c5 4 exd5 exd5 5 Ngf3 Nc6.} 8. dxc5 Bxc5 9. O-O Nf6 10. Nb3 Be7 11. Bg5 O-O 12. c3 Be6 13. Nbd4 Rae8 14. h3 {[%emt 0:04:22] [#]} Nxd4 $146 ({Predecessor:} 14... h6 15. Bh4 Nh5 16. Bxe7 Rxe7 17. Re1 Rfe8 18. Qd2 Nf6 19. Bd3 Qb6 20. Re2 Bc8 {1-0 Collins,S (2433)-De Verdier,M (2306) IRL-chT Dublin 2019 (2.1)}) 15. Nxd4 ({But not} 15. Qxd4 Bc5 16. Qh4 Ne4 $11) 15... Ng4 {[%emt 0:01:30][%mdl 64] [#] Discovered Attack} 16. Bxg4 Bxg5 17. Bf3 Bf6 18. Qd2 Qb6 19. Rad1 Bxd4 20. cxd4 f6 21. Rfe1 {[%emt 0:01:26] Weighted Error Value: White=0.02 (flawless) /Black=0.04 (flawless)} 1/2-1/2

[Event "IX Iberoamericano Championship 2023"]
[Site "Panama City"]
[Date "2023.11.29"]
[Round "5.2"]
[White "Cuenca Jimenez, Jose Fernando"]
[Black "Espinosa Veloz, Ermes"]
[Result "1/2-1/2"]
[ECO "E71"]
[WhiteElo "2505"]
[BlackElo "2478"]
[Annotator "TA"]
[PlyCount "98"]
[EventDate "2023.11.27"]
[EventType "swiss"]
[EventCountry "PAN"]
[SourceTitle "playchess.com"]
[Source "ChessBase"]
[SourceQuality "1"]
[TimeControl "5400+30"]

1. d4 Nf6 2. c4 g6 3. Nc3 Bg7 4. e4 d6 5. h3 O-O 6. Be3 Nc6 {[%emt 0:02:25] E71: King's Indian: 4 e4 d6 5 h3.} 7. Qd2 e5 {[%emt 0:00:55] [#] aiming for ...exd4.} 8. d5 Nd4 {[%emt 0:00:15] White is slightly better.} 9. Nge2 c5 10. dxc6 Nxc6 11. Ng3 Be6 12. Bd3 {[%emt 0:01:31] [#]} Nd7 $146 ({Predecessor:} 12... Nd4 13. Nge2 Nd7 14. Nd5 Bxd5 15. cxd5 f5 16. exf5 Nxe2 17. Bxe2 gxf5 18. f3 f4 {½-½ Druska,J (2478)-Mladek,R (2368) Skalica op-A 2023 (4)}) 13. O-O (13. Nf5 $14 {should be considered.}) 13... f5 (13... Nc5 $11) 14. exf5 $16 gxf5 {[%emt 0:00:06] ...f4 is the strong threat.} 15. f4 {[%emt 0:00:39] White is more active.} (15. Bg5 $14 Qa5 16. Nh5) 15... Qh4 $11 16. Nh1 Nc5 17. Be2 Nd4 $36 {[%emt 0:01:46][%mdl 2048] Black is pushing.} 18. Bxd4 ({White should try} 18. Rad1 $11) 18... exd4 $15 19. Nb5 Ne4 20. Qd3 Rac8 {[%emt 0:02:42] Repels Nc7} (20... Qd8 $5 21. Nf2 d5 22. cxd5 (22. Nxd4 $2 dxc4 $19) 22... Bxd5 $17) 21. Rac1 Qf6 {[%emt 0:03:54] ...a6 would be deadly.} 22. Ng3 Bf7 23. Bh5 a6 24. Bxf7+ Rxf7 (24... Kxf7 25. Nxf5 Qxf5 26. Qxe4 (26. Nxd4 $2 Qc5 $19) 26... Qxe4 27. Nxd6+ Kg8 28. Nxe4 $16) 25. Na3 Nc5 (25... Qg6 $17 26. Rf3 Bf6) 26. Qf3 $11 d3 27. b4 {[%emt 0:00:50] [#]} Ne4 28. Rcd1 $1 {[%emt 0:00:54] White is weak on the dark squares} Qd4+ 29. Kh2 $1 d2 30. Nc2 Qxc4 31. Ne3 Qe6 (31... Qxa2 32. Nxe4 fxe4 33. Qxe4 $11) ({Black should play} 31... Qd3 $15 32. Ngxf5 Rcf8) 32. Nexf5 Rxf5 33. Qxe4 (33. Nxe4 $2 Rxf4 34. Qxf4 Be5 35. Rxd2 (35. Nf6+ $2 Qxf6 {[%mdl 64] Pin} 36. g3 Bxf4 $19) 35... Rf8 $19) 33... Qxe4 (33... Qxa2 $2 34. Nxf5 Rf8 35. Nxg7 Kxg7 36. Qxb7+ Rf7 37. Qe4 $18) 34. Nxe4 Rc1 {[%emt 0:00:07][%cal Of5f4] Hoping for ...Rxf4!} 35. g3 Bb2 (35... d5 $11 36. Nxd2 Rc2) 36. Kg2 $16 (36. Nxd2 $2 Rxd1 37. Rxd1 Rd5 $19) 36... Ba3 37. Rxd2 {[%emt 0:00:20] And now Rxc1 would win.} ({Much weaker is} 37. Nxd2 $6 Rxd1 38. Rxd1 Rd5 $11) 37... Rxf1 38. Kxf1 Bxb4 {[%emt 0:00:09][%mdl 4096] Endgame KRB-KRN} 39. Rd4 ({Reject} 39. Nxd6 $6 Rxf4+ 40. gxf4 Bxd2 $11) 39... Bc5 40. Nxc5 (40. Nxd6 $2 {is the wrong capture.} Rf6 41. Rd5 Bxd6 $19) (40. Rd3 $16) 40... dxc5 {[%emt 0:01:37] KR-KR. The position is equal.} 41. Rd8+ Kg7 (41... Rf8 $5 42. Rd5 c4 $14) 42. Rd7+ Rf7 43. Rxf7+ Kxf7 $11 {[%emt 0:00:02] KP-KP} 44. Ke2 Ke6 45. Kd3 b5 46. g4 Kd5 47. g5 c4+ 48. Ke3 $1 b4 {[%emt 0:00:57] Threatens to win with ...b3.} 49. f5 c3 {[%emt 0:11:25] Weighted Error Value: White=0.12 (very precise) /Black=0.19 (very precise)} (49... Ke5 $5 50. f6 $8 Kd6 $11) 1/2-1/2

[Event "IX Iberoamericano Championship 2023"]
[Site "Panama City"]
[Date "2023.11.29"]
[Round "5.3"]
[White "Flores Quillas, Diego Saul Rodri"]
[Black "Miranda Mesa, Elier"]
[Result "1/2-1/2"]
[ECO "B19"]
[WhiteElo "2414"]
[BlackElo "2490"]
[Annotator "TA"]
[PlyCount "98"]
[EventDate "2023.11.27"]
[EventType "swiss"]
[EventCountry "PAN"]
[SourceTitle "playchess.com"]
[Source "ChessBase"]
[SourceQuality "1"]
[TimeControl "5400+30"]

1. e4 c6 2. d4 d5 3. Nc3 dxe4 4. Nxe4 Bf5 5. Ng3 Bg6 6. h4 h6 7. Nf3 e6 8. Ne5 Bh7 9. Bd3 Bxd3 10. Qxd3 Nd7 {[%emt 0:00:52] B19: Classical Caro-Kann: 4...Bf5 main line.} 11. f4 Bb4+ 12. c3 Be7 {[%emt 0:00:06] White has an edge.} 13. Bd2 Ngf6 14. O-O-O O-O 15. Kb1 c5 16. Be3 Qc7 17. Ne4 Nxe4 18. Qxe4 {[%emt 0:00:08] [#]} f5 $146 ({Predecessor:} 18... Nxe5 19. dxe5 Rfd8 20. h5 b5 21. g4 Rxd1+ 22. Rxd1 Rd8 23. Rxd8+ Qxd8 24. Kc2 Qa5 {½-½ Yu,Y (2736)-Ni,H (2703) Danzhou 6th 2015 (3)}) 19. Qf3 Nxe5 20. dxe5 Rad8 21. h5 Rxd1+ 22. Rxd1 Rd8 23. Rxd8+ Qxd8 $11 {[%emt 0:00:50][%mdl 4096] Endgame KQB-KQB} 24. Kc2 {[%emt 0:00:08] Dodges Qd3+} Qd7 25. b3 Kf7 26. Bf2 Qb5 27. c4 Qd7 28. g4 fxg4 29. Qxg4 Kf8 30. Be3 a6 31. Qg6 {[%emt 0:01:11] White is more active.} (31. f5 $1 $14 exf5 32. Qg6) 31... Qc6 $1 {[%emt 0:00:37] The position is equal.} 32. Kd3 Qh1 33. Qxe6 Qb1+ 34. Ke2 Qc2+ 35. Kf3 {[%emt 0:03:51] [#] aiming for Qc8+.} (35. Bd2 $5 Qe4+ $8 36. Be3 (36. Kf2 $2 Bh4+ 37. Kg1 Qd4+ 38. Kh1 Qxd2 $19) 36... Qc2+ 37. Bd2 Qe4+ 38. Kd1 (38. Kf2 $2 Bh4+ 39. Kg1 Qd4+ 40. Kh1 Qxd2 $19) 38... Qb1+ 39. Bc1 (39. Ke2 Qe4+ $11) 39... Qd3+ 40. Bd2 Qb1+ 41. Ke2 Qe4+ $11) 35... Qd1+ $1 36. Kg2 Qe2+ 37. Bf2 Qe4+ 38. Kg3 {[%emt 0:01:17] Hoping for Qg4.} Bh4+ {[%emt 0:01:52][%mdl 64] [#] Decoy} 39. Kxh4 Qxf4+ 40. Kh3 Qxf2 {[%emt 0:02:33] KQ-KQ} 41. Qc8+ Ke7 42. Qxb7+ Ke8 43. Qc6+ Ke7 44. Qd6+ Ke8 45. Qg6+ Kf8 46. Kg4 {[%emt 0:00:14] Qf5+ is the strong threat.} ({Don't do} 46. Qd6+ Ke8 $14) 46... Qg2+ 47. Kf5 Qf3+ 48. Ke6 {[%emt 0:00:03] Qf5+ would be deadly.} Qc6+ 49. Kf5 Qf3+ {[%emt 0:00:05] Weighted Error Value: White=0.04 (flawless) /Black=0.02 (flawless)} 1/2-1/2

[Event "IX Iberoamericano Championship 2023"]
[Site "Panama City"]
[Date "2023.11.29"]
[Round "5.4"]
[White "Roselli Mailhe, Bernardo"]
[Black "Hernandez Guerrero, Gilberto"]
[Result "0-1"]
[ECO "E61"]
[WhiteElo "2364"]
[BlackElo "2527"]
[Annotator "TA"]
[PlyCount "124"]
[EventDate "2023.11.27"]
[EventType "swiss"]
[EventCountry "PAN"]
[SourceTitle "playchess.com"]
[Source "ChessBase"]
[SourceQuality "1"]
[TimeControl "5400+30"]

1. d4 Nf6 2. c4 g6 3. Nc3 Bg7 4. Nf3 O-O 5. Bg5 d6 6. e3 c6 7. Be2 a6 8. h3 b5 9. a3 Bb7 10. O-O Nbd7 11. Rc1 {[%emt 0:11:05] E61: King's Indian: Early deviations for White, including Smyslov System.} bxc4 12. Bxc4 c5 13. d5 {[%emt 0:03:42] The position is equal.} Nb6 14. Ba2 a5 15. e4 Ba6 16. Re1 Nfd7 {[%emt 0:00:27] [#]} 17. Qc2 $146 ({Predecessor:} 17. b3 Ne5 18. Nxe5 Bxe5 19. Qd2 Qd7 20. Bf4 Bxf4 21. Qxf4 f6 22. Qh6 a4 23. Nxa4 Nxa4 24. bxa4 Qxa4 {½-½ Peng,Z (2409)-De Rover,Y (2182) Haarlem op 2007 (5)}) 17... Rb8 18. b3 Rb7 19. Rb1 Ne5 20. Nxe5 Bxe5 21. Bh6 Re8 22. Nd1 Nd7 (22... Qd7 {feels hotter.} 23. Nc3 Reb8 24. f3 Bd4+) 23. Ne3 Qb8 24. Qd2 Bh8 25. f4 Nf6 26. Qc2 (26. Qxa5 $2 {too greedy.} Bd3 27. Qd2 Bxb1 28. Bxb1 Rxb3 $19) 26... Nd7 27. Kh2 Qc7 28. Kh1 Reb8 29. e5 dxe5 30. f5 (30. Ng4 $1 $11 {keeps the balance.}) 30... Nf6 31. Red1 (31. Rbc1 $17) 31... e4 $19 {[%emt 0:03:41] ...Qg3 is the strong threat.} 32. Qf2 Rd8 (32... Bd3 $19 {White must now prevent ...Nh5.} 33. Bf4 Qd8) 33. Bf4 $17 Qc8 (33... Qd7 $17 {And now ...Nh5 would win.} 34. Rbc1 Nh5 35. Rxc5 Nxf4 36. Qxf4 Qd6 37. Qxd6 exd6 38. Rxa5 Be2) 34. fxg6 hxg6 35. Be5 {[%emt 0:00:23] [#] Black converts the advantage convincingly.} (35. Rbc1 $15) 35... Bg7 ({Black should play} 35... Bd3 $1 36. Rbc1 Bg7) 36. Rbc1 {[%emt 0:00:22] [#]} (36. b4 $142 Bd3 37. d6 Bxb1 38. Rxb1 Rxd6 39. Bxd6 exd6 40. b5) 36... Bd3 $1 37. d6 (37. Re1 $17 {keeps fighting.}) 37... Rxd6 $19 38. b4 axb4 39. axb4 Rxb4 40. Ng4 $2 (40. Bxd6 {is a better defense.} exd6 41. Qf4) 40... Rc6 (40... Nxg4 $2 {gets mated.} 41. Qxf7+ Kh8 42. Qxg7#) 41. Bc3 Ra4 (41... Nxg4 $2 {leads to mate.} 42. Qxf7+ Kh8 43. Qxg7#) 42. Ne5 {[%emt 0:00:48] [#]} c4 $1 43. Nxc6 Qxc6 44. Bb1 Qe6 45. Qd4 Nh5 46. Qd8+ Kh7 47. Bxg7 Kxg7 48. Bxd3 exd3 49. Qd4+ Qf6 50. Rxd3 e5 51. Qd7 cxd3 52. Qxa4 {[%emt 0:00:02][%mdl 4096] Endgame KQR-KQN} Ng3+ 53. Kh2 Ne2 54. Re1 {[%emt 0:01:04] [#]} e4 $1 55. Qd1 (55. Qb4 Qe5+) 55... Qf4+ 56. Kh1 Qf2 (56... Ng3+ $142 57. Kg1 d2 58. Kh2 e3 59. Qa1+ Kh7 60. Rd1 e2 61. Qb1 Qf2 62. Rxd2 Nf1+ 63. Kh1 Qg3 64. Qxg6+ {[%mdl 64] Decoy} Kxg6 65. Rd6+ Qxd6 66. Kg1 e1=Q 67. g3 Qdxg3+ 68. Kh1 Qh2#) 57. Kh2 Qg3+ 58. Kh1 Qf2 59. Kh2 $1 e3 {[%emt 0:00:39] ( -> ...Qf4+)} 60. Qa1+ Qf6 61. Qd1 Qe5+ 62. Kh1 Ng3+ {[%emt 0:00:11] Weighted Error Value: White=0.93/Black=0.40} 0-1

[Event "IX Iberoamericano Championship 2023"]
[Site "Panama City"]
[Date "2023.11.29"]
[Round "5.5"]
[White "Martins, Bruno Andre Leite"]
[Black "Almeida Quintana, Omar"]
[Result "0-1"]
[ECO "B07"]
[WhiteElo "2323"]
[BlackElo "2509"]
[Annotator "TA"]
[PlyCount "150"]
[EventDate "2023.11.27"]
[EventType "swiss"]
[EventCountry "PAN"]
[SourceTitle "playchess.com"]
[Source "ChessBase"]
[SourceQuality "1"]
[TimeControl "5400+30"]

1. e4 d6 2. d4 Nf6 3. Nc3 e5 4. dxe5 dxe5 5. Qxd8+ Kxd8 6. Bc4 Ke8 $1 {[%emt 0:00:09][%mdl 4] is recently more successful than 6...Be6. B07: Pirc Defence: Miscellaneous Systems.} 7. f4 Nc6 8. Nf3 Bd6 {[%emt 0:00:56] White is slightly better.} 9. Bb5 Nd7 10. g3 a6 11. Bxc6 bxc6 12. Be3 f6 13. O-O-O a5 {[%emt 0:01:53] [#]} 14. a3 $146 ({Predecessor:} 14. Rd2 Kf7 15. Rhd1 Re8 16. f5 Rb8 17. b3 Ba3+ 18. Kb1 Nb6 19. Bxb6 cxb6 20. g4 {½-½ Tuncer,T (2352)-Draskovic,L (2464) Ayvalik Plati 2022 (5)}) 14... Kf7 15. Rhf1 Re8 (15... Ke7 {is interesting.} 16. Rf2 Ba6 17. Nh4 g6) 16. Ne1 (16. fxe5 Nxe5 17. Nxe5+ Bxe5 $11) (16. f5 $14) 16... exf4 17. Bxf4 Ne5 18. Nd3 Nc4 19. Rde1 Kg8 20. a4 Ba6 21. Rf2 Rad8 22. b3 Ba3+ 23. Kb1 Nd6 24. Bxd6 Bxd6 25. Rf5 {[%emt 0:05:19] [#]} c5 $1 26. Nb5 (26. Nxc5 Bc8 27. Rh5 (27. Rd5 c6 $17) 27... Be5 28. Rxe5 Rxe5 $17) 26... Bxb5 27. axb5 Rb8 28. c4 {[%emt 0:05:33] [#]} c6 {[%emt 0:00:00] Dodges Rd5} 29. bxc6 {[%emt 0:00:11] Threatens to win with Rd5.} Rxb3+ 30. Kc2 Rb6 31. c7 Rc8 (31... Bxc7 {simplifies} 32. Rxc5 Rb7 33. Rd5 a4) 32. Ra1 $132 {[%emt 0:00:25][%mdl 2048] White is not holding back} (32. Nxc5 $2 Rxc7 33. Nd3 Rxc4+ 34. Kd2 a4 $19) 32... Ra6 33. Ra4 Rxc7 34. Rf1 Re7 35. Re1 Ra8 36. Kc3 h5 37. Rea1 Rxe4 38. Rxa5 Rxa5 39. Rxa5 $17 {[%emt 0:00:01][%mdl 4096] Endgame KRB-KRN} Re2 40. Nxc5 Rxh2 {[%emt 0:00:00] Black is more active.} 41. Ne4 {[%emt 0:01:35] [#]} Bxg3 42. Nxg3 {[%emt 0:00:13] KRN-KR} Rh3 43. Kd4 Rxg3 $11 {[%emt 0:00:00] KR-KR} 44. c5 $2 (44. Rxh5 $11 Rg2 45. Rb5) 44... Kf7 $17 45. c6 {[%emt 0:00:36][%cal Oc6c7] Hoping for c7!} Ke7 $1 ({Weaker is} 45... Rg4+ 46. Kc5 Rg3 47. c7 $11) 46. Rxh5 Kd6 47. Rc5 {[%emt 0:00:24] White wants to mate with c7.} Rg4+ 48. Ke3 {[%emt 0:00:26] And now c7 would win.} Kc7 $1 (48... Kxc5 $2 49. c7 Rg5 50. c8=Q+ (50. c8=B Re5+ 51. Kf4 g5+ 52. Kg4 Kd6 $19) 50... Kd5 51. Qd7+ Kc5 52. Ke4 $18) 49. Rc1 (49. Kf3 Ra4 50. Rc1 g5 $19) 49... f5 (49... Rg2 $142 50. Ra1 Kxc6) 50. Kf3 g6 51. Rc2 Rd4 52. Rg2 Rd6 ({Of course not} 52... Kxc6 $6 53. Rxg6+ Kd5 54. Ra6 $11) 53. Kf4 Kxc6 54. Kg5 Kd7 {[%emt 0:00:21] aiming for ...Rd4.} 55. Re2 Re6 56. Rd2+ Kc6 57. Rd1 Kc5 58. Rc1+ Kd5 59. Rd1+ Kc4 60. Rd2 Rc6 61. Rd1 Kc5 62. Rd2 Rd6 63. Re2 $2 {[%emt 0:00:25][%mdl 8192] [#]} (63. Rc2+ $17 {nothing else works.} Kd5 64. Rd2+ Kc6 65. Re2) 63... Kd5 $2 (63... Kc4 $1 $19 {and Black stays clearly on top.} 64. Re1 Kc3) 64. Re1 Ra6 65. Re2 Kd4 66. Re8 $2 (66. Kf4 $17 {prevents the worst.}) 66... Ra1 $19 67. Kxg6 f4 {[%emt 0:00:01][%cal Bf5f4,Bf4f3,Bf3f2][%mdl 32] Black mates.} 68. Kg5 f3 69. Rf8 Ke3 70. Re8+ Kf2 71. Kg4 Kg2 72. Kf4 f2 73. Rg8+ {[%emt 0:00:05] [#]} Kf1 $1 74. Re8 Ra3 75. Rb8 Kg2 {[%emt 0:00:23] Weighted Error Value: White=0.10 (very precise) /Black=0.06 (flawless)} 0-1

[Event "IX Iberoamericano Championship 2023"]
[Site "Panama City"]
[Date "2023.11.29"]
[Round "5.6"]
[White "Hernandez Montes, Jhon Sebastian"]
[Black "Berdayes Ason, Dylan Isidro"]
[Result "1/2-1/2"]
[ECO "C78"]
[WhiteElo "2280"]
[BlackElo "2507"]
[Annotator "TA"]
[PlyCount "120"]
[EventDate "2023.11.27"]
[EventType "swiss"]
[EventCountry "PAN"]
[SourceTitle "playchess.com"]
[Source "ChessBase"]
[SourceQuality "1"]
[TimeControl "5400+30"]

1. e4 e5 2. Nf3 Nc6 3. Bb5 a6 4. Ba4 Nf6 5. d3 b5 6. Bb3 Bc5 7. c3 d6 8. O-O O-O 9. a4 Rb8 10. axb5 axb5 11. Bg5 {[%emt 0:01:24] C78: Ruy Lopez: Archangelsk and Möller Defences.} h6 12. Be3 {[%emt 0:02:00] [#]} (12. Bh4 $11) 12... Re8 $146 ({Predecessor:} 12... Bb6 13. Na3 Ne7 14. Bxb6 Rxb6 15. Nc2 Ng6 16. Ne3 Nf4 17. Ra8 Ra6 18. Rxa6 Bxa6 {½-½ Shubin,K (2298)-Golding,A (1958) EU-ch U14 26th 2016 (2)}) 13. Nbd2 Ng4 14. Qe2 Rf8 15. h3 (15. Bxc5 $14 dxc5 16. Rfd1) 15... Nxe3 $11 16. fxe3 Bb6 17. Kh1 Na5 18. Ba2 Qe7 19. b4 Nb7 20. d4 Bd7 21. Qf2 Be6 ({Better is} 21... Nd8 $11) 22. Qg3 (22. dxe5 dxe5 23. Bxe6 Qxe6 $17) 22... Ra8 23. Bxe6 Qxe6 24. Nh4 (24. dxe5 Bxe3 25. exd6 Qxd6 26. Qxd6 Nxd6 $15) ({White should play} 24. Rxa8 $1 $16 Rxa8 25. Nh4) 24... Kh7 (24... Rxa1 $11 {keeps the balance.} 25. Rxa1 g6) 25. Qf3 (25. Nf5 $16 g6 26. Nh4) 25... Rxa1 26. Rxa1 g6 27. Qf1 Qd7 28. Qd3 exd4 29. exd4 Nd8 30. Rf1 {[%emt 0:01:47][%cal Oh4g6] Threatens to win with Nxg6!} Kg7 (30... Ne6 $11) 31. Qg3 {[%emt 0:01:28] Strongly threatening e5.} Ne6 $1 32. Nf5+ Kh7 33. Ne3 c6 {[%emt 0:02:03] Prevents Nd5.} 34. d5 Ng7 35. dxc6 Qxc6 {[%emt 0:00:03] And now ...Nh5 would win.} 36. Nd5 Bd8 37. Qd3 Nh5 38. g4 Ng7 39. c4 bxc4 40. Qxc4 Qd7 41. b5 {[%emt 0:01:26] Black must now prevent b6. White has more active pieces. The black rooks are badly placed.} h5 $1 {[%emt 0:01:22] Black is weak on the light squares} 42. Qc6 Qe6 43. Nf4 $36 {[%emt 0:00:41][%mdl 2048] Black is under pressure.} Qe5 {[%emt 0:02:16] ...Bg5 is the strong threat.} 44. Nc4 (44. Qd5 {simplifies} hxg4 45. Qxe5 dxe5 46. Nd5) 44... Qd4 (44... Qg5 $1 $11) 45. Qd5 $16 (45. Nxd6 $6 g5 46. Ng2 (46. Nxh5 Qd3 $11) 46... Qd3 $11) 45... Qc3 46. Qd3 (46. Qxd6 $2 Qxc4 47. Qd3 Qc5 $19) (46. gxh5 $6 Nxh5 47. Nxh5 (47. Qxd6 $2 Qxc4 48. Re1 Bh4 $19) 47... Qxh3+ 48. Kg1 Qg4+ 49. Kh2 Qe2+ 50. Kg1 Qg4+ 51. Kh2 Qe2+ 52. Kg1 Qg4+ $11) 46... Qb4 (46... Qxd3 $16 47. Nxd3 Bc7) 47. b6 $18 (47. Qxd6 $2 {is the wrong capture.} Qxc4 48. Qd3 Qc5 $19) (47. Nxd6 $6 Bg5 $16) (47. Rb1 Qc5 48. Nd5 (48. Qxd6 $2 Qxc4 49. Qd5 Qc7 $19) (48. Nxd6 $2 Bc7 $19) 48... hxg4 $16) 47... Bg5 48. Nd5 ({Stronger than} 48. Nxd6 Qxb6 49. e5 Bxf4 50. Rxf4 hxg4 $11) 48... Qb5 {[%emt 0:00:01] [#]} 49. Ne5 {[%emt 0:02:22][%mdl 576] Discovered Attack. A dynamic duo of knights.} Qxd3 50. Nxd3 {[%emt 0:00:01] aiming for b7.} Ne6 51. e5 dxe5 52. Nxe5 Nc5 53. Rxf7+ Rxf7 54. Nxf7 {[%emt 0:00:01][%mdl 4096] Endgame KBN-KNN} Bh4 55. Nd6 hxg4 56. hxg4 ({Worse is} 56. b7 Nxb7 57. Nxb7 gxh3 $11) 56... Bg3 {[%emt 0:00:19] [#]} 57. Nf6+ $1 Kh6 $2 {[%emt 0:04:32] [#]} (57... Kg7) 58. g5+ $2 Kxg5 $11 {[%emt 0:00:02] The position is equal.} 59. Nfe4+ Kg4 60. Nxg3 Nd7 $1 {[%emt 0:04:54] Weighted Error Value: White=0.23 (precise) /Black=0.23 (precise)} (60... Kxg3 $2 61. Ne4+ {[%mdl 64] Deflection, Promotion} Nxe4 62. b7 $18) 1/2-1/2